Build Orders - Brits/USF vs Luft/Coastal - cohdb - Company of Heroes 3 Replays

Brits/USF vs Luft/Coastal

Match 16345912
End
Construct Barracks
Engineer Squad
Selects Airborne Battlegroup
Selects Heavy Machine Gun Paradrop
Riflemen Squad
1⁄4-ton 4x4 Truck
Heavy Machine Gun Paradrop
Infantry Support Center
Engineer Squad
Selects Paratrooper Squad Paradrop
Riflemen Squad
Construct Motor Pool
Selects Recon Loiter
Selects Supply Drop
M1 Anti-tank Gun Team
Construct Tank Depot
M4(105) Sherman Bulldozer
Construct Medical Station
M1918 Browning Automatic Rifles
M18 Hellcat Tank Destroyer
Selects Carpet Bombing Run
Paratrooper Squad Paradrop
Carpet Bombing Run
M18 Hellcat Tank Destroyer
M4(105) Sherman Bulldozer
Supply Drop
Recon Loiter
Survival Training
Carpet Bombing Run
Captain_Frog
[DziczeDzieci]Cygan
Billz
Timothy McWhiskers
0
0

Comments sign in to comment!

No comments posted yet!